[Event "Early-Titled-Tuesday-Blitz-May-14-2024"]
[Site "Chess.com"]
[Date "2024.05.14"]
[Round "6"]
[White "hakanazeri2"]
[Black "MatthewG-p4p"]
[Result "1/2-1/2"]
[WhiteElo "2586"]
[BlackElo "2834"]
[TimeControl "180+1"]
[EndTime "9:10:27 PDT"]
[Termination "Game drawn by repetition"]

1. e4 e6 2. d4 d5 3. Nd2 a6 4. Bd3 c5 5. exd5 exd5 6. dxc5 Bxc5 7. Ngf3 Nf6 8. O-O O-O 9. Nb3 Bb6 10. Re1 Nc6 11. Be3 Bc7 12. Bg5 h6 13. Bh4 Bg4 14. h3 Bh5 15. Be2 Re8 16. Nfd4 Bg6 17. Bf3 Ne5 18.
Bg3 Ne4 19. Bh2 Bb6 20. c3 Nc4 21. Re2 Qf6 22. Qe1 Rad8 23. Rd1 Kh7 24. Qf1 Rd7 25.
Bxe4 dxe4 26. Rc2 e3 27. Re2 Bh5 28. f3 Rdd8 29. Ree1 Nxb2 30. Rb1 Na4 31. Qc4 Nxc3 32. Qxc3 Bxd4 33. Nxd4 Rxd4 34. Rxe3 Red8 35. Be5 Rd1+ 36. Rxd1 Rxd1+ 37. Kh2 Qc6 38. Qxc6 bxc6 39. f4 Bg6 40. g4 Bd3 41. f5 h5 42. Bc3 Bc4 43. Kg3 hxg4 44.
hxg4 Bxa2 45. Kf4 Bd5 46. g5 Rf1+ 47. Ke5 a5 48. Bxa5 Rg1 49. Bd8 Rf1 50. Rh3+ Kg8 51.
Re3 Rd1 52. Ra3 Re1+ 53. Kd6 Re8 54. Be7 Rc8 55. f6 Be6 56. Rg3 c5 57. g6 gxf6 58. Bxf6 Ra8 59. g7 Ra6+ 60. Ke5 c4 61. Rg1 Ra5+ 62. Kd6 Rd5+ 63. Ke7 Rh5 64. Rd1 Bd5 65. Ra1 Rh2 66. Rb1 Re2+ 67. Kd7 Be6+ 68. Kd6 Rd2+ 69. Ke7 Rd7+ 70. Ke8 Rc7 71. Rh1 Rc8+ 72. Ke7 Rc7+ 73. Kd6 Rd7+ 74. Kc6 Bd5+ 75. Kxd7 Bxh1 76. Kd6 Be4 77.
Kc5 Bd3 78. Kd4 Bf1 79. Kc3 Bd3 80. Kd4 Bf1 81. Kc3 Bd3 82. Kd4 1/2-1/2

[Event "Early-Titled-Tuesday-Blitz-May-14-2024"]
[Site "Chess.com"]
[Date "2024.05.14"]
[Round "6"]
[White "SanchezKelvin"]
[Black "abelmat"]
[Result "1-0"]
[WhiteElo "2597"]
[BlackElo "2021"]
[TimeControl "180+1"]
[EndTime "9:10:29 PDT"]
[Termination "SanchezKelvin won on time"]

1. d4 d5 2. c4 e6 3. Nc3 Nf6 4. Nf3 Be7 5. g3 O-O 6. Bg2 dxc4 7. Qa4 a6 8. Qxc4 b5 9. Qd3 Bb7 10. O-O Nbd7 11. Rd1 c5 12. dxc5 Nxc5 13. Qc2 Qc8 14. Bf4 Nce4 15. Rac1 Nxc3 16. Qxc3 Qxc3 17. Rxc3 Rac8 18.
Rxc8 Rxc8 19. Rc1 Rxc1+ 20. Bxc1 Bd5 21. a3 Bc4 22. Bf1 Bd6 23. Nd4 Ne4 24. f3 Nc5 25. e4 Nd3 26. Bxd3 Bxd3 27. Be3 Bc5 28. Kf2 Bxd4 29. Bxd4 g6 30. Ke3 Bc4 31. Bf6 Kf8 32. Kd4 Ke8 33. Kc5 Kd7 34. Kb6 Be2 35. f4 Bd3 36. e5 h5 37. Kxa6 Kc6 38. Ka5 Kc5 39.
b3 Kc6 40. Kb4 Kd5 41. Be7 Kc6 42. Bf8 Bf1 43. Ka5 Be2 44. a4 bxa4 45. bxa4 Bd3 46. Kb4 Be2 47. Be7 Kb6 48. Bd8+ Kc6 49. a5 Bd3 50. Bb6 Bf1 51. Kc3 Ba6 52. Kd4 Bf1 53.
Ke3 Ba6 54. Kf2 Bb5 55. Kg2 Kd7 56.
Kh3 Ke7 57. Bc5+ Ke8 58. Kh4 Ba6 59. Kg5 Bb5 60. Kf6 Ba6 61. h3 Bb5 62. g4 hxg4 63.
hxg4 Be2 64. Kg5 Ba6 65. Kh4 Bc4 66. Kg3 Ba6 67. Kf3 Kd7 68. Ke4 Kc6 69. Bb6 Be2 70. f5 Ba6 71. fxg6 fxg6 72. Kf4 Bd3 73. Kg5 Kb5 74.
Kf6 Be2 75. g5 Bg4 76. Kxg6 Bf5+ 77. Kf6 Ka6 78. g6 Kb5 79. g7 Bh7 80. Kxe6 Bg8+ 81.
Ke7 Bd5 82. Kf8 Bc4 83. g8=Q Bxg8 84. Kxg8 1-0

[Event "Early-Titled-Tuesday-Blitz-May-14-2024"]
[Site "Chess.com"]
[Date "2024.05.14"]
[Round "6"]
[White "Grischuk"]
[Black "frederiksvane"]
[Result "1-0"]
[WhiteElo "3114"]
[BlackElo "2979"]
[TimeControl "180+1"]
[EndTime "9:10:30 PDT"]
[Termination "Grischuk won by resignation"]

1. d4 Nf6 2. c4 e6 3. Bg5 c5 4. d5 exd5 5. cxd5 d6 6. e4 h6 7.
Be3 g6 8. Nc3 Bg7 9. f3 O-O 10.
Nge2 a6 11. a4 Nbd7 12. Ng3 Re8 13. Be2 h5 14. O-O h4 15. Nh1 Nh7 16. Nf2 f5 17. Qd2 Ndf6 18. exf5 Bxf5 19. Rae1 Qd7 20. Bd3 Rab8 21.
Bxf5 gxf5 22. Nd3 b5 23. axb5 axb5 24. b4 Qf7 25. bxc5 b4 26. Na4 Nxd5 27. Bf2 dxc5 28. Rxe8+ Rxe8 29. Naxc5 h3 30. Nxb4 hxg2 31. Kxg2 Nhf6 32.
Nxd5 Nxd5 33. Re1 Rxe1 34. Qxe1 Nf4+ 35. Kh1 Qd5 36. Qe3 Be5 37. Bg1 Kf7 38. Qb3 Qxb3 39. Nxb3 Ke6 40. Be3 Nd5 41. Bd2 Bf4 42. Be1 Ne3 43.
Bf2 Nd1 44. Bg1 Be3 45. Nd4+ Ke5 46. Ne2 Bxg1 47. Kxg1 f4 48. Kg2 Ne3+ 49. Kh3 Kf5 50.
Kh4 Ng2+ 51. Kh5 Ne1 52. Ng1 Ng2 53. h4 Ne3 54. Kh6 Kf6 55. Nh3 Nf5+ 56. Kh5 Ke5 57. Kg5 Nd4 58. Kg4 Ne6 59. h5 Kf6 60. Nxf4 Nd4 61.
Nd5+ Kg7 62. Ne3 Ne6 63. f4 Kf6 64. Nd5+ Kg7 65. f5 Nc5 66. Nf4 Ne4 67. Ne6+ Kh6 68. Nf4 Nf6+ 69. Kh4 Ne4 70. Nd5 Kg7 71. Kg4 Nf2+ 72.
Kf3 Nd3 73. Ke3 Ne1 74. Kf4 Nd3+ 75. Kg5 Ne5 76. h6+ Kf7 77. f6 Nf3+ 78. Kf4 Nd4 79.
h7 Ne6+ 80. Kg4 1-0

[Event "Early-Titled-Tuesday-Blitz-May-14-2024"]
[Site "Chess.com"]
[Date "2024.05.14"]
[Round "6"]
[White "suyu28"]
[Black "gau248"]
[Result "1-0"]
[WhiteElo "2837"]
[BlackElo "2602"]
[TimeControl "180+1"]
[EndTime "9:10:34 PDT"]
[Termination "suyu28 won by resignation"]

1. b4 a5 2. b5 d5 3. a4 e5 4.
Bb2 Bd6 5. e3 c6 6. c4 Ne7 7.
Nf3 f6 8. d4 e4 9. Nfd2 O-O 10.
Ba3 Bxa3 11. Nxa3 Be6 12. Be2 f5 13. g3 Nd7 14. h4 Nf6 15. Qb3 c5 16. dxc5 d4 17.
Qb2 d3 18. Bd1 Rc8 19. Qe5 Qd7 20. Qd6 Rfd8 21. Qxd7 Rxd7 22. Nb3 Ng6 23. Nd4 Kf7 24. c6 bxc6 25. bxc6 Rdd8 26. Rb1 Ng4 27. Rb7+ Kf6 28.
Bxg4 fxg4 29. c7 Rd7 30. Rb6 Re7 31. Nab5 Ne5 32. Nxe6 Rxe6 33. Nd6 Rxd6 34. Rxd6+ Ke7 35. Rd5 Nf3+ 36. Kf1 Rxc7 37. Kg2 Rxc4 38. Rxa5 d2 39. Rd5 Rxa4 40. Rd1 Ra2 41. Kf1 Ke6 42. Rd8 Rc2 43. Ke2 h5 44. Ra8 Rc6 45. Ra7 g6 46. Ra5 Kf6 47.
Rd5 Rb6 48. Ra1 Rc6 49. Rd1 Ke6 50. Ra5 Kd6 51. Ra4 Kd5 52. Rb4 Rc2 53. Rb6 Kc4 54. Rxg6 Kb3 55. Rh6 Rc5 56. Re6 Rc4 57. Rd6 Kc3 58.
Rd5 Kc2 59. Rxh5 Rc3 60. Rd5 Rd3 61. Rc5+ Kb2 62. h5 Rd6 63. Rc4 Re6 64. h6 Rxh6 65.
Rxe4 Kc3 66. Rxg4 Ne5 67. Rd4 Nc4 68. Rxc4+ Kxc4 69. Rxd2 Kc3 70. Rd4 Rf6 71. g4 Rf8 72.
g5 Rf5 73. f4 Rf8 74. Kf3 Rg8 75. Kg4 Rh8 76. g6 Rh1 77. f5 Re1 78. Kf4 Rf1+ 79. Ke5 Rf2 80. g7 Rf3 81. g8=Q 1-0

[Event "Early-Titled-Tuesday-Blitz-May-14-2024"]
[Site "Chess.com"]
[Date "2024.05.14"]
[Round "6"]
[White "jasrom"]
[Black "Gryffindorac8"]
[Result "0-1"]
[WhiteElo "2328"]
[BlackElo "2507"]
[TimeControl "180+1"]
[EndTime "9:10:34 PDT"]
[Termination "Gryffindorac8 won on time"]

1. e4 c5 2. Nc3 d6 3. f4 g6 4. Nf3 Bg7 5. Bb5+ Bd7 6. Bc4 Nc6 7. d3 e6 8. O-O Nge7 9. Qe1 O-O 10. Qh4 Nd4 11.
Nxd4 cxd4 12. Ne2 d5 13. Bb3 dxe4 14. dxe4 Nc6 15. Qf2 Qb6 16. Kh1 a5 17. c3 a4 18.
Bc2 a3 19. b3 Qa7 20. f5 dxc3 21. Be3 Qa5 22. f6 Bh8 23. Rad1 Rfd8 24. Bb6 Qe5 25. Bxd8 Rxd8 26. Rd3 Be8 27. Rxd8 Nxd8 28. Qd4 Nc6 29. Qxe5 Nxe5 30. Nxc3 Nd7 31. Nb5 Bxf6 32. Nxa3 Bd4 33. Nc4 e5 34. Rd1 Nc5 35. g3 Bc6 36. Re1 f5 37.
Nd2 Bc3 38. Re2 Kf7 39. Kg1 Bd4+ 40. Kg2 Kf6 41. Kh3 h5 42. Kg2 g5 43. Kf3 f4 44.
gxf4 exf4 45. Kg2 g4 46. Kf1 f3 47. Re1 Ke5 48. Nc4+ Kf4 49. e5 Ne6 50. Nd6 Bxe5 51. Nc4 Bb5 52. Kf2 Bd4+ 53. Kf1 Bxc4+ 54. bxc4 Nc5 55.
Re7 h4 56. Rf7+ Ke3 57. Re7+ Kd2 58. Rg7 Kxc2 59. Rxg4 Kd3 60. Rxh4 Kxc4 61. Rf4 f2 62. h4 Nd3 63. Rf5 Ne5 64. h5 Ng4 65. Kg2 Ne3+ 66.
Kxf2 Nxf5+ 67. Kf3 Nh6 68. Kf4 Kc3 69. Kg5 Be3+ 70.
Kg6 Kb2 71. a4 Ka3 0-1

[Event "Early-Titled-Tuesday-Blitz-May-14-2024"]
[Site "Chess.com"]
[Date "2024.05.14"]
[Round "6"]
[White "laboratorio25"]
[Black "Ginger_GM"]
[Result "0-1"]
[WhiteElo "2543"]
[BlackElo "2666"]
[TimeControl "180+1"]
[EndTime "9:10:35 PDT"]
[Termination "Ginger_GM won on time"]

1. e4 d6 2. d4 Nf6 3. Nc3 Nbd7 4. Nf3 e5 5. Bc4 Be7 6. O-O c6 7. Re1 Qc7 8. a4 h6 9. h3 g5 10. dxe5 dxe5 11. Bxg5 hxg5 12. Nxg5 Rf8 13. Qf3 Nc5 14. Rad1 Ne6 15. Nxe6 Bxe6 16. Bxe6 fxe6 17. Qg3 Rg8 18. Qd3 Kf7 19. Qc4 Qb6 20. Rd3 Rad8 21. Rf3 Rd4 22. Qa2 Qc5 23. Qb3 Qb4 24. Qa2 Qc4 25. b3 Qb4 26. Qb1 Ke8 27. Qc1 Kd7 28. Nb1 Qd6 29. c3 Rxe4 30. Rd1 Nd5 31. c4 Kc8 32. cxd5 exd5 33.
Nc3 Rh4 34. Nxd5 Kb8 35. Ne3 Qg6 36. Kf1 Bc5 37. g3 Rxh3 38. Kg2 Rgh8 39. Nf1 Qe4 40. Qb1 Qg4 41. Qf5 Qxf5 42. Rxf5 Bd4 43. Kf3 Rh1 44.
Ke2 R1h7 45. Ne3 Kc7 46. Nc2 Bb2 47. Ne3 Rh2 48. Nc4 Bd4 49. Nxe5 c5 50. Ng4 Re8+ 51. Kf3 Rh7 52. Ne3 Kb6 53. Rd3 Ka6 54. Nc2 Rd7 55. Nxd4 cxd4 56. Rf4 Red8 57. Re4 Rd6 58. Ke2 Ka5 59.
g4 Kb4 60. g5 Ka3 61. f4 Rd5 62. Kf3 R8d7 63. Kg4 Kb2 64. Re2+ Ka3 65. Red2 Kb4 66. f5 a6 67. g6 Kc5 68. Rc2+ Kd6 69. Re2 Kc5 70. Kg5 Kb4 71. Re4 Kc5 72. Rf4 Kd6 73. Kf6 Kc5 74. Kg5 R5d6 75. f6 Rd5+ 76. Rf5 Rxf5+ 77.
Kxf5 Kd5 78. g7 Rd8 79. f7 Kd6 0-1

[Event "Early-Titled-Tuesday-Blitz-May-14-2024"]
[Site "Chess.com"]
[Date "2024.05.14"]
[Round "6"]
[White "NelsonLinda"]
[Black "NinoMaisuradze"]
[Result "1-0"]
[WhiteElo "2622"]
[BlackElo "2367"]
[TimeControl "180+1"]
[EndTime "9:10:36 PDT"]
[Termination "NelsonLinda won by checkmate"]

1. d4 Nf6 2. Nf3 d5 3. e3 c5 4. c4 cxd4 5. exd4 g6 6. Nc3 Bg7 7. cxd5 O-O 8. Bc4 Nbd7 9. O-O Nb6 10. Bb3 Nbxd5 11. h3 Bf5 12. Re1 Re8 13. Ne5 a6 14.
Bd2 Be6 15. Na4 Nc7 16. Ba5 b5 17. Bxe6 fxe6 18. Nc5 Qb8 19. Rc1 Ncd5 20. Nc6 Qf4 21. Nxe6 Qh4 22. Nxg7 Kxg7 23. Nb4 Nxb4 24. Bxb4 Nd5 25. Qb3 Nf4 26. Qf3 Qg5 27. Bd2 Nxh3+ 28. Qxh3 Qxd2 29. Qe3 Qxe3 30. Rxe3 Rad8 31. Re4 Rd7 32.
Rc6 Ra8 33. Kf1 Kf7 34. Ke2 a5 35. Kd3 b4 36. Kc4 Rb7 37. Rc5 a4 38. Ree5 a3 39.
b3 Kg7 40. Rb5 Rc7+ 41. Rec5 Rd7 42. Rxb4 Rad8 43. Kc3 Rf8 44. f3 Rf4 45. Re5 Rh4 46. Re4 Rh2 47. Re2 h5 48. Ra4 Rc7+ 49. Kd3 h4 50.
Rxa3 h3 51. gxh3 Rxh3 52. Rf2 g5 53. Ke4 Rc1 54. Ra5 Kg6 55. Ra6+ Kh5 56. Ra8 Re1+ 57. Kf5 Kh4 58. Rh8+ Kg3 59. Rxh3+ Kxh3 60. Kxg5 Kg3 61. Rd2 Kxf3 62. d5 Ke3 63. d6 Kxd2 64. d7 Rg1+ 65. Kf5 Rg8 66. Ke6 Kc3 67. Kxe7 Kb2 68. d8=Q Rxd8 69.
Kxd8 Ka3 70. Kc7 Kb4 71. Kc6 Ka5 72. a4 Kb4 73. Kd5 Ka5 74. Kc4 Kb6 75. b4 Ka6 76.
b5+ Kb6 77. Kb4 Ka7 78. a5 Kb7 79. b6 Ka8 80. Kb5 Kb8 81. a6 Ka8 82. b7+ Kb8 83.
Kc6 Ka7 84. Kc7 Kxa6 85. b8=Q Ka5 86. Qb3 Ka6 87. Qb6# 1-0

[Event "Early-Titled-Tuesday-Blitz-May-14-2024"]
[Site "Chess.com"]
[Date "2024.05.14"]
[Round "6"]
[White "Alphafischer2019"]
[Black "AlexanderKing"]
[Result "0-1"]
[WhiteElo "2657"]
[BlackElo "2564"]
[TimeControl "180+1"]
[EndTime "9:10:38 PDT"]
[Termination "AlexanderKing won by checkmate"]

1. e4 c5 2. Nf3 e6 3. g3 d5 4. d3 dxe4 5. dxe4 Qxd1+ 6. Kxd1 Nf6 7. Nbd2 b6 8. Bb5+ Bd7 9. Bxd7+ Nbxd7 10. c3 c4 11. Ke2 Rc8 12. Nd4 Bc5 13. Nxc4 Nxe4 14. Nd2 Nxd2 15. Bxd2 Bxd4 16. cxd4 Nf6 17. Rac1 Kd7 18.
h4 h5 19. Kd3 Nd5 20. f3 Kd6 21. a3 Kd7 22. g4 Rxc1 23. Bxc1 Nf6 24. Bg5 Nd5 25. Bd2 Ne7 26. a4 Ng6 27. Be1 Ne7 28. Rg1 g6 29. Bg3 Nd5 30. Be5 Rh7 31. Rh1 hxg4 32. fxg4 f6 33. Bg3 g5 34. h5 f5 35.
gxf5 exf5 36. Be5 f4 37. Ke4 Ke6 38. Rc1 Ne7 39. Rh1 Kf7 40. d5 Ng8 41. Kf5 f3 42. Kxg5 Ne7 43. d6 Nc6 44. Bc3 Ke6 45. Rf1 Kxd6 46.
Rxf3 Nd8 47. Rd3+ Kc7 48. Be5+ Kc8 49. Bf6 Ne6+ 50. Kg6 Rxh5 51. Re3 Nf4+ 52. Kf7 Kb7 53. b4 Nd5 54. Rd3 Nxb4 55. Rd7+ Ka6 56. Kg6 Ra5 57. Bc3 Rxa4 58. Rd4 Kb5 59. Rd7 a5 60. Kf6 Nc6 61. Rd5+ Kc4 62. Rd6 Nb4 63. Be5 b5 64. Rd4+ Kb3 65. Kf5 Ra2 66. Rd1 a4 67. Rb1+ Kc4 68.
Rc1+ Rc2 69. Rd1 Nd3 70. Bf6 Rf2+ 71. Ke6 b4 72. Ke7 a3 73. Rh1 b3 74. Rh4+ Kd5 75. Ra4 a2 76. Ra5+ Kc4 77. Ra4+ Kb5 78. Ra8 Rxf6 79.
Kxf6 b2 80. Rxa2 b1=Q 81. Ra8 Kc5 82. Ke6 Qe1+ 83. Kd7 Ne5+ 84. Kc7 Nc4 85. Rc8 Qe7+ 86. Kb8+ Kb6 87. Rc7 Qxc7+ 88. Ka8 Qb7# 0-1

[Event "Early-Titled-Tuesday-Blitz-May-14-2024"]
[Site "Chess.com"]
[Date "2024.05.14"]
[Round "6"]
[White "ernestina08chess"]
[Black "ChessSG1"]
[Result "1/2-1/2"]
[WhiteElo "2318"]
[BlackElo "2468"]
[TimeControl "180+1"]
[EndTime "9:10:40 PDT"]
[Termination "Game drawn by stalemate"]

1. e4 c5 2. Nf3 g6 3. d4 cxd4 4. c3 Bg7 5. cxd4 d5 6. e5 Bg4 7.
Bb5+ Nc6 8. O-O Nh6 9. h3 Bxf3 10. Qxf3 Rc8 11. Nc3 O-O 12. Qxd5 Nxd4 13. Bd3 Nhf5 14. Bxf5 Nxf5 15. Bf4 Qb6 16. Rab1 Rfd8 17. Qe4 Rd4 18. Qf3 Rb4 19. Nd5 Nd4 20. Qg4 Qe6 21. Qxe6 Nxe6 22.
Nxe7+ Kf8 23. Nxc8 Nxf4 24. Rfe1 Nd3 25. Re3 Nxe5 26.
Rbe1 Rxb2 27. Rxe5 Bxe5 28. Rxe5 Rxa2 29. Nd6 Rb2 30.
Re8+ Kg7 31. Rb8 b6 32. Rb7 a5 33. Rxf7+ Kg8 34. Ra7 Rd2 35. Nc4 Rd1+ 36. Kh2 Rb1 37. Rb7 Rb4 38. Rb8+ Kg7 39. Nd6 a4 40. Ne8+ Kf7 41.
Nc7 Rc4 42. Nd5 Rc5 43. Nxb6 Rb5 44. Rb7+ Kg8 45. Rb8+ Kg7 46. Rb7+ Kg8 47. Rb8+ Kg7 48. Ra8 Rxb6 49. Rxa4 Rf6 50. Ra7+ Kg8 51. f3 Rb6 52. Kg3 Rb4 53. f4 Rc4 54. Kg4 Rc5 55. g3 Rb5 56.
Ra8+ Kg7 57. Ra7+ Kh6 58. Re7 g5 59. Re6+ Kg7 60. fxg5 Rb3 61. Re7+ Kg6 62. Re6+ Kg7 63. h4 Rc3 64. Re4 Rb3 65. Rf4 h5+ 66. Kxh5 Rxg3 67.
Rb4 Rh3 68. Rb7+ Kf8 69. Rb8+ Kg7 70. Rb4 Rh1 71. Re4 Kh7 72. Re7+ Kg8 73. Kg6 Kf8 74.
Rf7+ Ke8 75. h5 Rg1 76. h6 Rxg5+ 77. Kxg5 Kxf7 78. Kf5 Kg8 79. Kg6 Kh8 80. h7 1/2-1/2

[Event "Early-Titled-Tuesday-Blitz-May-14-2024"]
[Site "Chess.com"]
[Date "2024.05.14"]
[Round "6"]
[White "CaspiIsrael"]
[Black "Niilo1"]
[Result "0-1"]
[WhiteElo "2602"]
[BlackElo "2337"]
[TimeControl "180+1"]
[EndTime "9:10:43 PDT"]
[Termination "Niilo1 won by checkmate"]

1. e4 e5 2. d4 exd4 3. Qxd4 Nc6 4. Qe3 Nf6 5. Bd2 Be7 6. c4 d6 7. Nc3 Ng4 8. Qe2 Nd4 9. Qd1 f5 10. Nge2 Bh4 11. Ng3 O-O 12. Bd3 f4 13. O-O fxg3 14. hxg3 Bf6 15. Nd5 Ne5 16. Bc3 Nxd3 17. Qxd3 Ne6 18.
Nxf6+ gxf6 19. f3 Nc5 20. Qd4 Qe7 21. g4 Qe5 22. Qe3 Qg5 23. Qd4 Ne6 24. Qf2 Nf4 25. Rad1 h5 26. Bd2 Qe5 27. gxh5 Nxh5 28. g4 Nf4 29.
Qh2 Qd4+ 30. Kh1 Ne6 31. b3 Qe5 32. Qh6 Rf7 33. Kg2 Rh7 34. Qg6+ Rg7 35. Qe8+ Nf8 36. Qxe5 dxe5 37. Bh6 Rg6 38. Bxf8 Kxf8 39. Rd8+ Ke7 40. Rh8 b6 41. Rfh1 Rg7 42. Kf2 Bb7 43. Rxa8 Bxa8 44. Rh8 Bc6 45. Rc8 Kd7 46. Rf8 Rg6 47.
Ke3 a5 48. a3 a4 49. b4 Ke7 50. Rc8 Kd6 51. Rd8+ Bd7 52. Ra8 Rh6 53. b5 Rh1 54. Rxa4 Kc5 55. Ra7 Kd6 56. a4 Rc1 57. Kd3 Be6 58. a5 Bxc4+ 59. Ke3 bxa5 60. Ra6+ Ke7 61. Rc6 Re1+ 62. Kf2 Bxb5 63. Rxc7+ Kd6 64. Rf7 Rf1+ 65. Kg2 Ke6 66. Ra7 a4 67. Ra5 Rb1 68. Kg3 Rb3 69.
Ra8 a3 70. Ra5 Bc4 71. Ra4 Rc3 72. Kf2 a2 73. Ra5 Rc1 74. Kg3 a1=Q 75. Rxa1 Rxa1 76. f4 Ra3+ 77. Kh4 exf4 78. g5 fxg5+ 79. Kg4 Ke5 80. Kxg5 Rg3+ 81. Kh5 f3 82. Kh4 Rg2 83. Kh3 Kxe4 84.
Kh4 f2 85. Kh3 f1=Q 86. Kh4 Qh1# 0-1

[Event "Early-Titled-Tuesday-Blitz-May-14-2024"]
[Site "Chess.com"]
[Date "2024.05.14"]
[Round "6"]
[White "Grossboss19"]
[Black "chess_blitz00"]
[Result "1/2-1/2"]
[WhiteElo "2632"]
[BlackElo "2478"]
[TimeControl "180+1"]
[EndTime "9:10:47 PDT"]
[Termination "Game drawn by 50-move rule"]

1. e4 d6 2. Nc3 g6 3. Nf3 Bg4 4. Be2 c5 5. h3 Bxf3 6. Bxf3 Nc6 7. g3 Bg7 8. O-O e6 9. Ne2 Nf6 10. c3 d5 11. exd5 Nxd5 12. d3 Qd7 13. Bg2 Nc7 14.
Qc2 O-O 15. Rd1 Rac8 16. Be3 b6 17. d4 cxd4 18. Nxd4 Nd5 19. Nxc6 Qxc6 20. Qb3 Rfd8 21. Bg5 Rd7 22. Rd3 h6 23. Be3 Qc4 24. Qxc4 Rxc4 25. Bxd5 exd5 26. Rad1 Ra4 27. a3 Ra5 28. Bd4 Bxd4 29.
Rxd4 Rc5 30. c4 Kg7 31. f4 Kf6 32. cxd5 Rc2 33. R1d2 Rxd2 34. Rxd2 Ke7 35. Kf2 Kd6 36. Ke3 Re7+ 37. Kd4 f5 38. Kc4 Re4+ 39. Kb5 Re3 40.
Rg2 Rb3+ 41. Ka6 Kxd5 42. Kxa7 Ke4 43. Rc2 g5 44. a4 gxf4 45. Rc4+ Kf3 46. Rxf4+ Kxg3 47. Rxf5 Rxb2 48. Rh5 Ra2 49. Kxb6 Rxa4 50. Rxh6 Rh4 51.
Rg6+ Kxh3 52. Kc5 Rg4 53. Rh6+ Kg3 54. Kd5 Kf4 55. Rf6+ Ke3 56. Rf1 Rg5+ 57. Kc4 Ke2 58. Rf8 Ke3 59. Re8+ Kf4 60. Kd4 Rf5 61. Rg8 Kf3 62.
Rg1 Kf2 63. Rh1 Rf4+ 64. Kd3 Rf3+ 65. Kd2 Kg3 66. Ke2 Rf2+ 67. Ke3 Rf3+ 68. Ke4 Rf4+ 69. Ke5 Rb4 70. Rg1+ Kf2 71. Rg6 Rb5+ 72. Kd4 Rb4+ 73. Kd3 Kf3 74. Rf6+ Kg4 75. Kc3 Rf4 76. Rg6+ Kf5 77.
Rg1 Rf3+ 78. Kd4 Rf4+ 79. Kd5 Rf2 80. Rg8 Rd2+ 81. Kc4 Kf4 82. Rf8+ Kg3 83. Kc3 Rf2 84. Rg8+ Kh4 85. Kd3 Rf6 86. Ke4 Rf7 87. Rg1 Rf6 88.
Ke5 Rf7 89. Ke6 Rf8 90. Ke7 Rf4 91. Rh1+ Kg4 92. Ke6 Rf3 93. Ke5 Rf2 94. Ke4 Re2+ 95. Kd3 Re7 96. Rg1+ Kf3 97. Ra1 Rd7+ 98. Kc4 Ke4 99.
Re1+ Kf4 100. Re8 Rd1 101. Kc5 Kf5 1/2-1/2

[Event "Early-Titled-Tuesday-Blitz-May-14-2024"]
[Site "Chess.com"]
[Date "2024.05.14"]
[Round "6"]
[White "dropstoneDP"]
[Black "CarlosjPineror"]
[Result "1/2-1/2"]
[WhiteElo "2974"]
[BlackElo "2734"]
[TimeControl "180+1"]
[EndTime "9:10:57 PDT"]
[Termination "Game drawn by repetition"]

1. e4 c5 2. Nf3 e6 3. b3 b6 4. Bb2 Bb7 5. Nc3 a6 6. d4 cxd4 7. Qxd4 Nc6 8. Qd2 Qc7 9. O-O-O d6 10. Kb1 Nf6 11. Bd3 Be7 12. g4 O-O 13. g5 Nd7 14.
h4 Nce5 15. Nxe5 Nxe5 16. h5 Nxd3 17. cxd3 Rfc8 18. h6 g6 19. Rc1 Qd7 20. f4 d5 21.
exd5 Bxd5 22. Nxd5 Qxd5 23. Qe3 Bc5 24. Qe5 Qxe5 25.
Bxe5 Rd8 26. Rhd1 Bd6 27. d4 Kf8 28. Rc6 Bxe5 29. fxe5 b5 30. Rc7 Rac8 31. Ra7 Ra8 32. Rxa8 Rxa8 33. Kc2 Rc8+ 34. Kd3 Ke7 35. b4 Rc4 36.
Rb1 Rc7 37. Ra1 Rc4 38. Rb1 Rc7 39. a4 Rc4 40. Rb2 Ke8 41. axb5 axb5 42. Rb1 Ke7 43. Ke4 Ke8 44. Ra1 Rxb4 45. Ra8+ Ke7 46. Rh8 Rb1 47. Rxh7 Rg1 48. Kf4 Rf1+ 49. Ke4 Rg1 50. Kf4 Rf1+ 51.
Ke3 Rg1 52. Rh8 Rxg5 53. h7 Rh5 54. d5 exd5 55. e6 Rh4 56. Kf3 g5 57. Kg3 b4 58.
exf7 Kxf7 59. Rd8 Rxh7 60. Rxd5 Kg6 61. Rd6+ Kf5 62. Rd5+ Kf6 63. Rb5 Rh4 64. Kf3 Kg6 65.
Kg3 Kh5 66. Rb8 Rc4 67. Rh8+ Kg6 68. Rb8 Rc3+ 69. Kg4 Rc4+ 70. Kf3 Kf5 71. Rb5+ Kf6 72.
Kg3 g4 73. Kf2 Ke6 74. Ke3 Kd6 75. Kd3 Rc3+ 76. Kd4 Rf3 77. Rb6+ Ke7 78. Ke5 g3 79. Rxb4 g2 80. Rg4 Rf2 81. Ke4 Kf6 82. Ke3 Ra2 83.
Kf3 Kf5 84. Rxg2 Ra3+ 85. Ke2 Kf4 86. Rg8 Ra2+ 87. Kd3 Ra3+ 88. Kc4 Ra4+ 89. Kb5 Re4 90. Rh8 Re5+ 91. Kc4 Re4+ 92. Kd3 Re3+ 93. Kd4 Re4+ 94.
Kd3 Re5 95. Kd4 Re4+ 96. Kd3 1/2-1/2

[Event "Early-Titled-Tuesday-Blitz-May-14-2024"]
[Site "Chess.com"]
[Date "2024.05.14"]
[Round "6"]
[White "FormerProdigy"]
[Black "DenLaz"]
[Result "0-1"]
[WhiteElo "2999"]
[BlackElo "3128"]
[TimeControl "180+1"]
[EndTime "9:10:58 PDT"]
[Termination "DenLaz won by resignation"]

1. d4 Nf6 2. c4 e6 3. Nf3 d5 4.
Nc3 Be7 5. Bf4 O-O 6. e3 Nbd7 7. Be2 dxc4 8. Bxc4 a6 9. a4 c5 10. dxc5 Bxc5 11. O-O b6 12. Ne5 Bb7 13. Nxd7 Nxd7 14. Qe2 Qe7 15. Rfd1 Nf6 16. h3 h6 17. Rac1 Rfc8 18. Bg3 Bb4 19. f3 Nh5 20. Bh2 Qh4 21.
Rd4 Qe7 22. Rcd1 Nf6 23. Bd6 Bxd6 24. Rxd6 Qc7 25. b3 Bc6 26. Bxa6 Ne8 27. Rxc6 Qxc6 28. Bxc8 Qxc3 29. Bd7 Qxb3 30. Qd3 Qxd3 31. Rxd3 Rd8 32. Bb5 Rxd3 33. Bxd3 Nd6 34. Kf2 Kf8 35. Ke2 Ke7 36. Kd2 Kd7 37. Kc3 Kc6 38. Kb4 f5 39. f4 Kc7 40. Kc3 Nb7 41. Kb4 Nd6 42. Kc3 Nb7 43. Kd4 Kd6 44. Kc4 Nc5 45. Bc2 Kc6 46. Kd4 Kd6 47.
g3 Nd7 48. Kc4 Kc6 49. e4 fxe4 50. Bxe4+ Kc7 51. Kb5 e5 52. Bf5 exf4 53. Bxd7 Kxd7 54. gxf4 Kc7 55. f5 Kb7 56. Kc4 Kc6 57. Kd4 Kd6 58.
Ke4 Ke7 59. Ke5 h5 60. h4 Kf7 61. Kd5 Kf6 62. Ke4 Kf7 63. Ke5 Ke7 64. Kd5 Kf6 65.
Kc6 Kxf5 66. Kxb6 g5 67. a5 g4 68. a6 g3 69. a7 g2 70. a8=Q g1=Q+ 71. Kc7 Qg7+ 72.
Kb6 Qd4+ 73. Kb5 Qe5+ 74. Kc4 Kg4 75. Qg2+ Kxh4 76. Qf2+ Qg3 77. Qf6+ Kh3 78. Kb5 h4 79. Ka6 Kg2 80. Qb2+ Qf2 81. Qg7+ Kh2 82. Qe5+ Kg1 83. Qg5+ Qg3 84. Qc5+ Kh2 85. Kb7 h3 86. Ka8 Qg2+ 87.
Kb8 Qb2+ 88. Ka8 Qg2+ 89. Kb8 Qg3+ 90. Ka8 Qf3+ 91. Kb8 Kg2 92. Qg5+ Qg3+ 0-1

[Event "Early-Titled-Tuesday-Blitz-May-14-2024"]
[Site "Chess.com"]
[Date "2024.05.14"]
[Round "6"]
[White "Rud_Makarian"]
[Black "sokidze"]
[Result "1/2-1/2"]
[WhiteElo "2950"]
[BlackElo "2801"]
[TimeControl "180+1"]
[EndTime "9:12:12 PDT"]
[Termination "Game drawn by repetition"]

1. c4 e6 2. Nc3 d5 3. d4 a6 4. cxd5 exd5 5. Nf3 Nf6 6. Bg5 Be6 7. e3 Nbd7 8. Bf4 Nh5 9. Bd3 Be7 10. O-O O-O 11.
h3 c5 12. dxc5 Nxf4 13. exf4 Nxc5 14. Re1 Bf6 15. Rc1 Rc8 16. f5 Bd7 17. Nxd5 Nxd3 18. Rxc8 Bxc8 19. Qxd3 Bxb2 20. Ne7+ Kh8 21. Qxd8 Rxd8 22.
Ng5 Rf8 23. Nxc8 Rxc8 24. Nxf7+ Kg8 25. Nd6 Rd8 26. Nxb7 Rd2 27. Nc5 Bd4 28. Ne4 Rxa2 29. Rd1 Ra4 30. g4 h6 31. Kg2 a5 32. Rc1 Rb4 33. Rc8+ Kf7 34. Rc7+ Kg8 35. Rc8+ Kf7 36.
Ra8 a4 37. h4 Bb2 38. Ra7+ Kg8 39. f3 a3 40. g5 hxg5 41. hxg5 Kf8 42. Kh3 Bc1 43. Kg4 Rb6 44. g6 Bb2 45. Ng5 Rb8 46. Ne6+ Kg8 47. f4 Rc8 48. f6 Bxf6 49. Rxa3 Re8 50.
Kf5 Rc8 51. Ra7 Rb8 52. Rd7 Rb5+ 53. Kg4 Rb8 54. Nc5 Rc8 55. Ne4 Bb2 56. Nd6 Rf8 57. Nf5 Bf6 58. Rb7 Rc8 59. Rf7 Rd8 60. Kf3 Rd1 61.
Rc7 Rd8 62. Ng3 Re8 63. Ne4 Bb2 64. Rd7 Rf8 65. Kg4 Re8 66. Nd6 Rb8 67. Rb7 Rxb7 68. Nxb7 Kf8 69. Kf5 Ke7 70. Na5 Kd7 71. Nc4 Bf6 72.
Ne5+ Kd6 73. Ng4 Bc3 74. Ne3 Bf6 75. Nc4+ Ke7 76. Ne5 Bh4 77. Ng4 Be1 78. Ke4 Bc3 79. f5 Bb2 80. Kf4 Bc1+ 81. Ke5 Bb2+ 82. Kd5 Bc3 83.
Ke4 Bb2 84. Ne3 Ba1 85. Nd5+ Kd7 86. Kf4 Bb2 87. Kg5 Bc1+ 88. Kg4 Bb2 89. Kh5 Ke8 90.
Kg5 Bc1+ 91. Kg4 Bb2 92. Kf3 Kd7 93. f6 Ke6 94. f7 Ba3 95. Nf4+ Kf6 96. Kg4 Bd6 97. Kh5 Bf8 98. Nd5+ Ke6 99. Ne3 Kf6 100. Ng4+ Ke6 101. Kg5 Be7+ 102. Kf4 Bd6+ 103. Ke4 Be7 104. Ne5 Kf6 105. Kd5 Ba3 106. Nc4 Be7 107. Ne5 Ba3 108. Ke4 Be7 109. Kf4 Ba3 110. Nc4 Bf8 111. Ne5 Ba3 112. Ke4 Be7 1/2-1/2

[Event "Early-Titled-Tuesday-Blitz-May-14-2024"]
[Site "Chess.com"]
[Date "2024.05.14"]
[Round "7"]
[White "remyrushbrooke"]
[Black "Maluco_do_Natal_00"]
[Result "1-0"]
[WhiteElo "2320"]
[BlackElo "2034"]
[TimeControl "180+1"]
[EndTime "9:13:41 PDT"]
[Termination "remyrushbrooke won by resignation"]

1. d4 d5 2. Nc3 Nf6 3. Bg5 e6 4. e4 dxe4 5. Nxe4 Be7 6. Bxf6 Bxf6 7. Nf3 Nd7 8. Bd3 b6 9. Qd2 Bb7 10. c3 c5 11. Nd6+ 1-0

[Event "Early-Titled-Tuesday-Blitz-May-14-2024"]
[Site "Chess.com"]
[Date "2024.05.14"]
[Round "7"]
[White "Iball95"]
[Black "lamomiajunior"]
[Result "1-0"]
[WhiteElo "2928"]
[BlackElo "2774"]
[TimeControl "180+1"]
[EndTime "9:13:56 PDT"]
[Termination "Iball95 won by resignation"]

1. e4 c5 2. Nf3 d6 3. Nc3 Nf6 4. d4 cxd4 5. Qxd4 Nc6 6. Bb5 Bd7 7. Bxc6 Bxc6 8. Bg5 e6 9. O-O-O Be7 10. Rhe1 O-O 11. e5 dxe5 12. Nxe5 Qxd4 13. Rxd4 Bxg2 14. Nd7 Rfd8 15.
Bxf6 gxf6 16. Rg1 f5 17. Rxg2+ Kh8 18. Ne5 1-0